 Dungeon Crawl Stone Soup version 0.31-a0-704-g1016066182 (webtiles) character file.

Game seed: 1343150174099887869

11794 Conn the Destroyer (level 11, -2/71 HPs)
             Began as an Octopode Fire Elementalist on Sept 9, 2023.
             Was a Priest of Sif Muna.
             Slain by an unseen horror zombie (9 damage)
             ... on level 10 of the Dungeon.
             The game lasted 00:38:45 (12793 turns).

Conn the Destroyer (Octopode Fire Elementalist)    Turns: 12793, Time: 00:38:46

Health: -2/71      AC:  1    Str:  7    XL:     11   Next: 83%
Magic:  5/23       EV: 16    Int: 22    God:    Sif Muna [***...]
Gold:   1218       SH:  0    Dex: 13    Spells: 8/26 levels left

rFire   . . .        m - +6 mace (protect)
rCold   . . .        (no shield)
rNeg    . . .        (helmet restricted)
rPois   .            (no amulet)
rElec   .            o - ring of see invisible
rCorr   .            (no ring)
SInv    +            (no ring)
Will    .....        (no ring)
Stlth   ++++         (no ring)
HPRegen 0.31/turn    (no ring)
MPRegen 0.18/turn    (no ring)
                     (no ring)

%: no passive effects
@: on blink cooldown, very slightly contaminated
A: almost no armour, amphibious, 8 rings, camouflage 1, gelatinous body 1,
(nimble swimmer 1), tentacles
a: Renounce Religion, Channel Magic, Forget Spell


You were on level 10 of the Dungeon.
You worshipped Sif Muna.
Sif Muna was most pleased with you.
You visited 2 branches of the dungeon, and saw 12 of its levels.
You also visited: Bailey.

You collected 1218 gold pieces.

Inventory:

Hand Weapons
 b - a +0 dagger
 d - a +2 dagger of electrocution
 f - the +0 hammer of Calculation {vamp, rElec Dex+2}
   (You found it on level 3 of the Dungeon)

   Dex+2:     It affects your dexterity (+2).
   rElec:     It insulates you from electricity.
 m - a +6 mace of protection (weapon)
 v - the +10 dagger of Ybaaf {heavy, Str+3}
   (You found it on level 7 of the Dungeon)

   Str+3:     It affects your strength (+3).
Jewellery
 o - a ring of see invisible (left tentacle)
Wands
 y - a wand of polymorph (5)
Scrolls
 c - a scroll of poison
 e - 9 scrolls of identify
 g - 3 scrolls of enchant weapon
 i - 3 scrolls of fog
 j - a scroll of revelation
 l - a scroll of blinking {unknown}
 n - a scroll of teleportation
 p - 3 scrolls of immolation
 q - 3 scrolls of amnesia
 t - 3 scrolls of vulnerability
 z - a scroll of enchant armour {unknown}
 B - 2 scrolls of fear {unknown}
Potions
 a - a potion of magic
 h - 3 potions of degeneration
 k - 5 potions of heal wounds
 r - 2 potions of attraction
 s - 3 potions of cancellation
 u - 3 potions of curing
 x - 2 potions of might
 A - 3 potions of haste
 C - 2 potions of resistance
 D - 2 potions of mutation {unknown}
 E - 3 potions of invisibility {unknown}
 F - 3 potions of brilliance {unknown}


   Skills:
 + Level 5.1 Fighting
 - Level 4.3 Maces & Flails
 + Level 7.0 Dodging
 - Level 7.0 Stealth
 * Level 8.2 Spellcasting
 + Level 8.4 Conjurations
 * Level 3.0 Summonings
 - Level 3.0 Translocations
 + Level 7.4 Fire Magic
 * Level 4.5 Invocations


You had 8 spell levels left.
You knew the following spells:

 Your Spells              Type           Power      Damage    Failure   Level
a - Foxfire               Conj/Fire      100%       2x1d9     1%          1
b - Scorch                Fire           82%        2d8       1%          2
c - Inner Flame           Hex/Fire       25%        N/A       4%          3
d - Flame Wave            Conj/Fire      44%        2d11      2%          4
e - Blink                 Tloc           44%        N/A       3%          2
f - Summon Cactus Giant   Summ           11%        N/A       97%         6

Your spell library contained the following spells:

 Spells                   Type           Power      Damage    Failure   Level
 Shock                    Conj/Air       100%       1d9       1%          1
 Momentum Strike          Conj/Tloc      68%        3d9       1%          2
 Volatile Blastmotes      Fire/Tloc      64%        2d15      2%          3
 Lesser Beckoning         Tloc           44%        N/A       3%          2
 Slow                     Hex            36%        N/A       8%          1
 Sting                    Tmut/Pois      36%        1d4       8%          1
 Poisonous Vapours        Pois/Air       18%        N/A       11%         2
 Confusing Touch          Hex            9%         N/A       22%         3
 Sigil of Binding         Hex            9%         N/A       22%         3
 Swiftness                Air            9%         N/A       22%         3
 Vampiric Draining        Necr           9%         2d6       22%         3
 Airstrike                Air            4%         2d(1-17)  58%         4
 Olgreb's Toxic Radiance  Pois           9%         N/A       58%         4


Dungeon Overview and Level Annotations

Branches:
Dungeon (11/15)            Temple (1/1) D:7            Lair (0/5) D:11
 Bailey (visited)
    Orc: D:9-12

Altars:
Ashenzari
Cheibriados
Dithmenos
Elyvilon
Fedhas
Gozag
Hepliaklqana
Kikubaaqudgha
Makhleb
Nemelex Xobeh
Okawaru
Qazlal
Ru
Sif Muna
Trog
Uskayaw
Vehumet
Wu Jian
Xom
Yredelemnul
Zin
The Shining One

Shops:
D:5 ?   D:6 *


Innate Abilities, Weirdness & Mutations

You cannot wear most types of armour.
You are amphibious.
You can wear up to eight rings at the same time.
Your skin changes colour to match your surroundings (Stealth+).
Your rubbery body absorbs attacks. (AC +1, EV +1)
((You are camouflaged when in or above water. (Stealth+)))
You have tentacles for arms and can constrict up to eight enemies at once.


Message History

* * * LOW HITPOINT WARNING * * *
The centaur warrior zombie barely misses you. x2
The centaur warrior zombie kicks you.
* * * LOW HITPOINT WARNING * * *
The unseen horror zombie barely misses you.
The centaur warrior zombie closely misses you.
The centaur warrior zombie completely misses you.
The unseen horror zombie closely misses you.
The centaur warrior zombie hits you!
* * * LOW HITPOINT WARNING * * *
The centaur warrior zombie kicks you but does no damage.
Casting: Flame Wave (dangerous; 2% risk of failure)
Confirm with . or Enter, or press ? or * to list all spells.
You blink.
Aiming: Fastroot
Press: ? - help, Shift-Dir - straight line The roots erupt in riotous growth!
Roots grab the unseen horror zombie. x2; Roots grab the centaur warrior zombie.
The now-empty wand crumbles to dust.
The grasping roots constrict the centaur warrior zombie.
The grasping roots constrict the unseen horror zombie. x2
The unseen horror zombie struggles to escape constriction. x4
The centaur warrior zombie struggles to escape constriction.
The unseen horror zombie struggles to escape constriction.
Unknown command.
Unknown command.
Casting: Blink (safe; 3% risk of failure)
Confirm with . or Enter, or press ? or * to list all spells.
Aiming: Inner Flame (dangerous; 4% risk of failure)
Press: ? - help, Dir - move target, f - unseen horror zombie
Aim: an unseen horror zombie (almost destroyed, constricted by roots)
You miscast Inner Flame.
You are very lightly contaminated with residual magic.
Nothing appears to happen.
The grasping roots constrict the centaur warrior zombie!
The grasping roots constrict the unseen horror zombie. x2
The roots release their grip on the centaur warrior zombie.
The roots release their grip on the unseen horror zombie.
The unseen horror zombie escapes!
The unseen horror zombie hits you!
You die...

#.........#P_PPP.
#.........#PP....
#...W.....####P..
#............###.
#...."........<..
####................
#.....Z....########.
#...Z.>....# #.
#..@ZZ.....# #.
#..........# #.
#..........# #.
####.......# +.
#...... ......
...... ......


You could see a shadow, 2 centaur warrior zombies and 2 unseen horror zombies.

Vanquished Creatures
  2 two-headed ogres
  Erica (D:8)
  An orc knight (Bailey)
  A deep elf pyromancer (D:8)
  An ugly thing (D:11)
  2 centaur zombies (D:10)
  Jeremiah (D:9)
  2 trolls (D:9)
  2 hornets
  A shadow (D:9)
  2 wraiths
  3 wyverns
  6 yaks (D:8)
  3 steam dragons (D:8)
  3 acid dragons
  A sky beast (D:8)
  2 orc warriors (D:8)
  3 ice beasts (D:7)
  3 black bears
  2 ogres
  3 centaurs
  2 phantoms (D:5)
  5 kobold brigands
  3 bullfrogs
  3 scorpions
  6 wights (D:8)
  22 killer bees
  A howler monkey (D:7)
  A jelly (D:8)
  4 hounds
  3 orc priests
  Crazy Yiuf (D:3)
  5 iguanas
  2 sleepcaps
  8 orc wizards
  2 howler monkey zombies (D:10)
  21 gnolls
  11 adders
  2 shadow imps
  3 white imps
  A worm (D:3)
  3 dart slugs
  41 orcs
  4 ball pythons
  6 endoplasms
  2 giant cockroaches
  14 goblins
  5 hobgoblins
  9 quokkas
  8 bats
  6 frilled lizards
  28 kobolds
  7 rats
284 creatures vanquished.

Vanquished Creatures (others)
  567 foxfires
567 creatures vanquished.

Grand Total: 851 creatures vanquished

Notes
Turn   | Place    | Note
-------+----------+-------------------------------------------
     0 | D:1      | Conn the Octopode Fire Elementalist began the quest for the
                  | Orb.
     0 | D:1      | Reached XP level 1. HP: 11/11 MP: 3/3
   291 | D:1      | Reached XP level 2. HP: 17/17 MP: 5/5
   295 | D:1      | Learned a level 2 spell: Scorch
   660 | D:1      | Reached XP level 3. HP: 21/21 MP: 6/6
   693 | D:1      | Learned a level 3 spell: Inner Flame
  1158 | D:2      | Reached XP level 4. HP: 20/27 MP: 0/7
  2230 | D:3      | Reached XP level 5. HP: 26/31 MP: 3/9
  2835 | D:3      | Identified a scroll of acquirement
  2835 | D:3      | Acquired 800 gold pieces
  2889 | D:3      | HP: 1/31 [gnoll/+0 spear (3)]
  2911 | D:3      | Reached XP level 6. HP: 6/36 MP: 0/10
  3112 | D:3      | Identified the +0 hammer of Calculation {vamp, rElec Dex+2}
  3119 | D:3      | Found a runed translucent door.
  3120 | D:3      | Noticed Crazy Yiuf
  3130 | D:3      | Killed Crazy Yiuf
  3424 | D:4      | Learned a level 4 spell: Flame Wave
  3658 | D:4      | Reached skill level 5 in Stealth
  3709 | D:5      | Entered Level 5 of the Dungeon
  3915 | D:4      | Reached XP level 7. HP: 30/41 MP: 8/12
  4312 | D:5      | Found Nibrargh's Magic Scroll Shop.
  4866 | D:5      | Reached XP level 8. HP: 46/46 MP: 8/14
  5047 | D:5      | Found a white marble altar of Elyvilon.
  5213 | D:5      | Found a basalt altar of Yredelemnul.
  5283 | D:5      | Reached skill level 5 in Fire Magic
  5693 | D:6      | Learned a level 2 spell: Blink
  6061 | D:6      | Reached skill level 1 in Translocations
  6154 | D:6      | Reached skill level 1 in Fighting
  6339 | D:6      | Found Cuzezewk's General Store.
  6401 | D:6      | Found an iron altar of Okawaru.
  6944 | D:7      | Identified the +10 dagger of Ybaaf {heavy, Str+3}
  6953 | D:7      | Reached skill level 5 in Conjurations
  6953 | D:7      | Reached XP level 9. HP: 53/53 MP: 11/16
  6954 | D:7      | Reached skill level 5 in Spellcasting
  6960 | D:7      | Reached skill level 5 in Dodging
  7037 | D:7      | Found a sacrificial altar of Ru.
  7126 | D:7      | Found a staircase to the Ecumenical Temple.
  7131 | D:7      | Reached skill level 1 in Maces & Flails
  7139 | Temple   | Entered the Ecumenical Temple
  7144 | Temple   | Became a worshipper of Sif Muna the Loreminder
  7484 | D:7      | Found a hazy altar of Hepliaklqana.
  7485 | D:7      | Found a shimmering altar of Xom.
  7485 | D:7      | Noticed a tentacled monstrosity
  7486 | D:7      | Noticed a spectral ugly thing
  7486 | D:7      | Noticed a tentacled monstrosity
  7824 | D:8      | Noticed Erica
  7830 | D:8      | Killed Erica
  7874 | D:8      | Noticed a two-headed ogre
  7875 | D:8      | Found a flagged portal.
  7883 | D:8      | Killed a two-headed ogre
  7884 | D:8      | Reached XP level 10. HP: 53/63 MP: 0/19
  7999 | Bailey   | Entered a bailey
  8177 | Bailey   | Reached * piety under Sif Muna
  8371 | Bailey   | Noticed an orc knight
  8380 | Bailey   | Killed an orc knight
  8781 | D:8      | Reached ** piety under Sif Muna
  9045 | D:8      | Found a snail-covered altar of Cheibriados.
  9397 | D:8      | Reached skill level 1 in Invocations
 10107 | D:8      | Reached XP level 11. HP: 67/70 MP: 12/22
 10249 | D:8      | Noticed a deep elf pyromancer
 10258 | D:8      | Killed a deep elf pyromancer
 10643 | D:8      | Reached *** piety under Sif Muna
 10842 | D:8      | Learned a level 6 spell: Summon Cactus Giant
 11097 | D:9      | Reached skill level 1 in Summonings
 11248 | D:9      | Noticed Jeremiah
 11254 | D:9      | HP: 2/66 [troll (2)]
 11259 | D:9      | Killed Jeremiah
 11483 | D:9      | Found a burning altar of Makhleb.
 12058 | D:9      | Found a shadowy altar of Dithmenos.
 12145 | D:10     | Entered Level 10 of the Dungeon
 12145 | D:10     | Found a blossoming altar of Fedhas.
 12148 | D:10     | Found an ancient bone altar of Kikubaaqudgha.
 12449 | D:11     | Noticed a two-headed ogre
 12459 | D:11     | Killed a two-headed ogre
 12460 | D:11     | Reached skill level 5 in Fighting
 12528 | D:11     | Noticed a white ugly thing
 12529 | D:11     | Found a staircase to the Lair.
 12529 | D:11     | Noticed a death yak
 12543 | D:11     | Killed a white ugly thing
 12793 | D:10     | Slain by an unseen horror zombie

Illustrated notes

Levels and vault maps discovered:
D:1:      eino_arrival_water_cross, layout_loops_corners, minmay_pentomino_o2
D:2:      layout_loops_ring
D:3:      layout_rooms, kennysheep_decorative_pillar, uniq_crazy_yiuf_cottage
D:4:      layout_cave_pools
D:5:      layout_loops_ring, kennysheep_ying_yang, serial_shops, shop
D:6:      layout_cave_pods, old_standard_altar, serial_shops, shop
D:7:      layout_loops_ring, regret_index_temple_of_mockery,
          nicolae_ru_sacrificial_ziggurat, minmay_temple_entry_purple_smoke
D:8:      minmay_s_stair_smasher, layout_basic, mainiacjoe_overflow_paths,
          enter_bailey_3, uniq_erica
D:9:      layout_rooms, mainiacjoe_overflow_concentric_impassable,
          grunt_dithmenos_shadows, uniq_jeremiah
D:10:     layout_irregular_city, grunt_temple_overflow_growth_and_decay,
          david_orc_5, serial_undead, serial_undead_d, serial_undead_c,
          serial_undead_e, serial_undead_a, serial_undead_f, serial_undead_c,
          serial_undead_a, serial_undead_d, serial_undead_c, serial_undead_d
D:11:     minmay_imperfect_grid, layout_loops_corners, david_lair_generic,
          kennysheep_okawaru_gauntlet
Temple:   minmay_freezing_vapour_temple

Skill      XL: |  1  2  3  4  5  6  7  8  9 10 11 |
---------------+----------------------------------+-----
Stealth        | 3 4 5 6 7 |  7.0
Conjurations   | 2 3 5 6 7 8 |  8.4
Dodging        | 3 4 5 6 7 |  7.0
Spellcasting   | 3 4 6 7 8 |  8.2
Fire Magic     | 4 5 6 7 |  7.4
Translocations | 2 3 |  3.0
Fighting       | 1 3 4 5 |  5.1
Maces & Flails | 2 4 |  4.3
Invocations    | 1 4 |  4.5
Summonings     | 3 |  3.0

Action                     |  1- 3 |  4- 6 |  7- 9 | 10-12 || total
---------------------------+-------+-------+-------+-------++-------
  Melee: Dagger            |    31 |    12 |       |       ||    43
         Constrict         |     7 |    12 |    16 |     8 ||    43
         Tentacles         |     5 |    12 |    19 |     7 ||    43
         Mace              |       |    29 |    76 |    35 ||   140
         Punch             |       |       |     2 |       ||     2
   Cast: Foxfire           |    27 |   106 |   102 |   104 ||   339
         Scorch            |       |    13 |    29 |   110 ||   152
         Flame Wave        |       |       |     2 |    27 ||    29
         Inner Flame       |       |       |     2 |    10 ||    12
         Blink             |       |       |     1 |     6 ||     7
 Invoke: Channel Magic     |       |       |       |     4 ||     4
  Evoke: Wand              |       |       |       |     8 ||     8
    Use: Scroll            |     1 |     4 |    10 |     1 ||    16
         Potion            |       |     6 |     1 |     6 ||    13
   Stab: Sleeping          |    10 |     3 |     6 |     5 ||    24
         Distracted        |       |       |       |     1 ||     1
 Armour: Skin              |     7 |    97 |    72 |    98 ||   274
  Dodge: Dodged            |    24 |    62 |    90 |   110 ||   286

Table legend: (Time is in decaauts)
 A = Elapsed time spent in this place.
 B = Non-inter-level travel time spent in this place.
 C = Inter-level travel time spent in this place.
 D = Time resting spent in this place.
 E = Time spent auto-exploring this place.
 F = Levels seen in this place.
 G = Mean time per level.
                   A        B        C        D        E       F      G
               +--------+--------+--------+--------+--------+-----+--------+
         Total |  12820 |  12618 |    202 |   1722 |   7791 |  13 |  986.2 |
       Dungeon |  12132 |  11930 |    202 |   1553 |   7570 |  11 | 1102.9 |
        Temple |     10 |     10 |      0 |      0 |      0 |   1 |   10.0 |
        Bailey |    677 |    677 |      0 |    169 |    221 |   1 |  677.0 |
               +--------+--------+--------+--------+--------+-----+--------+

Top non-repeatable levels by time:
     D:8: 2642 daAuts
     D:3: 1163 daAuts
     D:4: 1154 daAuts
     D:2: 1153 daAuts
     D:9: 1134 daAuts
     D:6: 1094 daAuts
     D:5: 1090 daAuts
     D:1: 1057 daAuts
     D:7: 1000 daAuts
  Bailey: 677 daAuts
    D:10: 375 daAuts
    D:11: 264 daAuts
  Temple: 10 daAuts
